[Event "Teplice Open 2022"]
[Site "Teplice"]
[Date "2022.06.21"]
[Round "4.11"]
[White "Moksh Amit Doshi"]
[Black "Sanal, Vahap"]
[Result "1/2-1/2"]
[ECO "E63"]
[WhiteElo "2398"]
[BlackElo "2575"]
[Annotator "TA"]
[PlyCount "170"]
[EventDate "2022.06.18"]
[EventType "swiss"]
[EventCountry "CZE"]
[SourceTitle "playchess.com"]
[Source "ChessBase"]
[SourceQuality "1"]
[TimeControl "40/5400+30:1800+30"]

1. d4 d6 2. Nf3 Nf6 3. c4 g6 4. g3 Bg7 5. Bg2 O-O 6. Nc3 Bf5 7. Nh4 Bc8 8. Nf3 Nc6 9. O-O a6 10. b3 {[%emt 0:04:05] 10.Be3 is the recent fashion.} Rb8 11. d5 Na7 {[%emt 0:02:53] E63: King's Indian: Fianchetto: Panno Variation with 7...a6.} 12. Bg5 b5 13. cxb5 axb5 {[%emt 0:02:42] White is slightly better.} 14. b4 Bd7 15. Rc1 {[%emt 0:05:06] [#]} e5 $146 (15... Nc8 $11 {keeps the balance.}) ({Predecessor:} 15... Nc8 16. e4 Nb6 17. Re1 {½-½ (15) Langrock,H (2385)-Heimrath,R (2260) Germany 2018}) 16. Ne4 $16 Rb7 17. Nfd2 {[%emt 0:01:13] 0x0.00207b3c5ec5dp-1022s more active pieces.} h6 18. Nxf6+ Bxf6 19. Bxh6 Bg7 20. Bxg7 Kxg7 21. Qb3 Nc8 22. f4 Ra7 23. Ne4 {[%emt 0:02:45] Against Qf6} (23. fxe5 $16 {aiming for e6.} dxe5 24. a3) 23... Qe7 $14 24. fxe5 Qxe5 25. Qc3 Qxc3 26. Nxc3 Nb6 27. Be4 Rb8 {[%emt 0:22:11] [#]} 28. Bd3 $1 Nc8 29. Rf3 Ne7 30. Rcf1 f5 31. g4 Ra3 {[%emt 0:02:00] [#]} 32. gxf5 $1 gxf5 33. Rg3+ Kf7 34. Bc2 Rg8 35. Rff3 Rxg3+ 36. hxg3 Ng6 37. Bb3 Ne5 38. Rf1 Ke7 39. Rc1 Ra8 {[%emt 0:00:19] The position is equal.} 40. Nd1 Rg8 41. Kf2 Ng4+ 42. Ke1 Kd8 43. Rc3 Nf6 44. Nf2 Nh5 45. Nh1 f4 46. Kf2 Rf8 47. Ke1 Rg8 48. Kf2 Nf6 {[%emt 0:11:48] And now ...Ne4+ would win.} 49. Rf3 Ne4+ 50. Kg2 fxg3 51. Nxg3 Rg5 52. Kh2 Nd2 53. Rd3 Nxb3 54. axb3 $11 {[%emt 0:00:00][%mdl 4096] Endgame KRB-KRN} Be8 55. e4 Bg6 56. Re3 Rg4 57. Kg2 Rf4 58. Kg1 Bh7 59. Kg2 Ke7 60. Kg1 Bg6 61. Rc3 Kd7 {[%emt 0:02:20][%mdl 1024] Black has compensation.} 62. Re3 $1 Ke7 63. Rc3 Kd8 64. Re3 Kd7 65. Kh2 Ke8 66. Kg1 Kd8 67. Kh2 Rf2+ 68. Kh3 Rf4 69. Kh2 Kc8 70. Kg2 Kb7 71. Kg1 Kb6 72. Kg2 Ka7 73. Kg1 Kb8 74. Kg2 Kc8 75. Kg1 Kd8 76. Kh2 Kd7 77. Kg1 Ke8 78. Rc3 Kd8 79. Re3 Kd7 80. Kh2 Rf2+ 81. Kh3 Rf4 82. Kh2 Bh7 83. Kg1 Kd8 84. Kh2 Bg6 85. Kg1 Ke8 {[%emt 0:00:06] Black escapes into a draw.  Weighted Error Value: White=0.06 (flawless) /Black=0.05 (flawless)} 1/2-1/2

[Event "Teplice Open 2022"]
[Site "Teplice"]
[Date "2022.06.21"]
[Round "4.12"]
[White "Postny, Evgeny"]
[Black "Sokolovsky, Yahli"]
[Result "0-1"]
[ECO "C93"]
[WhiteElo "2563"]
[BlackElo "2369"]
[Annotator "TA"]
[PlyCount "158"]
[EventDate "2022.06.18"]
[EventType "swiss"]
[EventCountry "CZE"]
[SourceTitle "playchess.com"]
[Source "ChessBase"]
[SourceQuality "1"]
[TimeControl "40/5400+30:1800+30"]

1. e4 e5 2. Nf3 Nc6 3. Bb5 a6 4. Ba4 Nf6 5. O-O Be7 6. d3 d6 7. c3 O-O 8. Re1 Re8 9. Nbd2 Bf8 10. Nf1 g6 11. h3 Bg7 12. Ng3 b5 13. Bc2 Bb7 14. d4 h6 15. a3 Qe7 {[%emt 0:02:47] C93: Closed Ruy Lopez: Smyslov Variation.} 16. Be3 {[%emt 0:03:45] [#]} Rad8 $146 ({Predecessor:} 16... Qf8 17. d5 Na5 18. b3 Bc8 19. Nd2 c5 20. b4 Nb7 21. c4 Bd7 22. Bd3 Reb8 23. Qe2 {½-½ (62) Pikula,D (2513)-Hedke,F (2352) Oldenburg 2001}) 17. d5 Nb8 {[%emt 0:02:45] White is slightly better.} 18. b3 c6 19. c4 Nbd7 20. a4 bxc4 21. bxc4 cxd5 22. cxd5 Rc8 23. Qd2 Kh7 24. Reb1 Rc7 25. Ra2 Nc5 26. a5 Bc8 27. Qe2 Rf8 ({Black should play} 27... h5 $14) 28. Nd2 $16 h5 29. Nf3 (29. Nb3 $16) 29... Bh6 $11 30. Rb4 Ng8 (30... Bxe3 $11 {is superior.} 31. Qxe3 Bd7) 31. Bxh6 Nxh6 32. Qe3 (32. Bd3 $5) 32... Kg7 33. Nd2 Bd7 34. Bd1 h4 35. Ngf1 f5 36. Be2 fxe4 37. Nxe4 Nf5 (37... Rf4 $11) 38. Qg5 $2 (38. Qd2 $1 $14) 38... Nxe4 $17 39. Qxe7+ Nxe7 40. Rxe4 Nxd5 41. Rc4 Bb5 $36 {[%emt 0:12:28][%mdl 2048] Keeping White busy. Black is more active.} 42. Rxc7+ Nxc7 43. Ne3 Rf4 $1 44. Rc2 Bxe2 45. Rxc7+ {[%emt 0:00:09][%mdl 4096] Endgame KRB-KRN} Kh6 46. f3 (46. Rd7 $17 {was called for.}) 46... Ra4 47. Rd7 Rd4 ({Not} 47... Rxa5 48. Rxd6 Kg5 49. Ng4 $15) 48. Ng4+ Kg5 49. Rf7 Bd3 50. Nf2 Rd5 {[%emt 0:03:00] aiming for ...Bf5.} 51. Kh2 $2 (51. Ra7) 51... Bf5 $19 52. Ra7 (52. Rh7 $142 Rxa5 53. g3) 52... Rxa5 53. g3 Ra2 54. Kg2 e4 55. gxh4+ Kf4 {[%emt 0:00:19] ( -> ...e3)} 56. fxe4 Bxe4+ 57. Kg1 Bf5 58. h5 gxh5 59. Rf7 Ra3 60. h4 d5 {[%emt 0:00:12] ...d4 is the strong threat.} 61. Kf1 d4 62. Ke1 d3 63. Nd1 Ra1 {[%emt 0:00:17] Threatens to win with ...Ke4.} 64. Kd2 Ra2+ 65. Kc3 Ke5 (65... Rc2+ $142 66. Kd4 d2) 66. Ne3 {[%emt 0:00:23] [#]} Be6 $2 (66... d2 $1 {[%cal Oe5e4] Strongly threatening ...Ke4!} 67. Rf8 {[#]} (67. Rxf5+ Ke4) 67... Ke4 $1 68. Re8+ Kf4) 67. Rf1 $2 (67. Rf8) 67... Ke4 68. Rf6 Ra3+ 69. Kd2 Ra2+ (69... Bc8 $142 70. Nd1 Ra2+ 71. Kc1 Rc2+ 72. Kb1 Bg4) 70. Kc3 Bh3 71. Nd1 Rc2+ 72. Kb3 Bg4 73. Nc3+ Ke5 74. Rxa6 Be6+ 75. Kb4 d2 76. Nd1 Rc1 77. Ra5+ Bd5 78. Nf2 d1=Q 79. Nxd1 Rxd1 {[%emt 0:00:03] Weighted Error Value: White=0.49/Black=0.12 (very precise)} 0-1

[Event "Teplice Open 2022"]
[Site "Teplice"]
[Date "2022.06.21"]
[Round "4.13"]
[White "Rubes, Jan"]
[Black "Laurusas, Tomas"]
[Result "1/2-1/2"]
[ECO "D35"]
[WhiteElo "2386"]
[BlackElo "2567"]
[Annotator "TA"]
[PlyCount "61"]
[EventDate "2022.06.18"]
[EventType "swiss"]
[EventCountry "CZE"]
[SourceTitle "playchess.com"]
[Source "ChessBase"]
[SourceQuality "1"]
[TimeControl "40/5400+30:1800+30"]

1. d4 Nf6 2. c4 e6 3. Nc3 d5 4. cxd5 exd5 5. Bg5 c6 6. e3 Bd6 7. Bd3 h6 {[%emt 0:00:34] D35: Queen's Gambit Declined: Exchange Variation.} 8. Bh4 O-O 9. Nge2 Re8 {[%emt 0:01:19] The position is equal.} 10. h3 a5 11. O-O Na6 12. Rc1 Nc7 {[%emt 0:00:21] [#]} 13. Bg3 $146 ({Predecessor:} 13. Qc2 Ne6 14. Na4 Ng5 15. Nc5 Nfe4 16. Nxe4 dxe4 17. Bxg5 Qxg5 18. Bxe4 Be6 19. a3 {1-0 (31) Jugert,O (1739)-Jess,A (1842) Berlin 2019}) 13... Ne6 14. Na4 Ng5 15. Bxd6 Qxd6 16. Nb6 Rb8 17. Nxc8 Rbxc8 18. Ng3 g6 19. Qd2 Qd7 20. Rc2 h5 21. Rb1 Ra8 22. a4 h4 23. Nf1 Nge4 24. Qe1 Kg7 25. b4 axb4 26. Rxb4 (26. Qxb4 {seems wilder.} Qd6 27. Qb6 Rec8 28. Ra1) 26... Nd6 27. Nd2 Qe7 28. Nb3 Ra7 29. Nc5 Rc8 30. Rcb2 Rc7 31. Qb1 {[%emt 0:02:32] Weighted Error Value: White=0.05 (flawless) /Black=0.05 (flawless)} 1/2-1/2

[Event "Teplice Open 2022"]
[Site "Teplice"]
[Date "2022.06.21"]
[Round "4.14"]
[White "Stocek, Jiri"]
[Black "Shohat, Yotam"]
[Result "1-0"]
[ECO "E93"]
[WhiteElo "2533"]
[BlackElo "2331"]
[Annotator "TA"]
[PlyCount "59"]
[EventDate "2022.06.18"]
[EventType "swiss"]
[EventCountry "CZE"]
[SourceTitle "playchess.com"]
[Source "ChessBase"]
[SourceQuality "1"]
[TimeControl "40/5400+30:1800+30"]

1. d4 Nf6 2. Nf3 g6 3. c4 Bg7 4. Nc3 O-O 5. e4 d6 6. Be2 e5 7. Be3 Nbd7 8. d5 Ng4 9. Bg5 f6 10. Bd2 {[%emt 0:00:28] E93: King's Indian: Classical: Petrosian System with 7...Nbd7.} f5 {[%emt 0:05:08] 10...f5 scores better than 10...Nh6.} 11. exf5 gxf5 12. Ng5 {[%emt 0:00:08] Hoping for Ne6. White has an edge.} Nc5 {[%emt 0:10:26] Prevents Ne6.} 13. h3 {[%emt 0:06:25] [#]} Nxf2 $146 ({Predecessor:} 13... h6 14. hxg4 hxg5 15. Be3 e4 16. Qc2 fxg4 17. O-O-O Qe8 18. Bxc5 dxc5 19. Nxe4 Bf5 {1-0 (30) Ognean,M (2287)-Van Dael,S (2319) Pardubice 2019}) 14. Kxf2 $16 e4 $1 15. h4 h6 16. b4 hxg5 17. bxc5 gxh4 {[%emt 0:04:25] [#]} (17... Qe8 $16) 18. Rc1 $1 $18 {[%emt 0:04:11] And now Bf4 would win.} Be5 {[%emt 0:00:30] Against Bf4} 19. Kf1 Bd7 (19... Rf7 $16) 20. Bh6 (20. Rb1 $18) 20... dxc5 21. Qd2 {[%emt 0:02:04] Threatens to win with d6.} (21. Bxf8 Kxf8 22. Qd2 Qf6 $16) 21... Qf6 22. Bg5 $36 {[%emt 0:06:27][%mdl 2048] White is in control.} (22. Bxf8 Rxf8 23. Bh5 Kg7 $16) 22... Qg6 23. Bf4 (23. Bxh4 f4 $11) 23... Bf6 24. Nb5 (24. Bxc7 f4 25. Nxe4 Qxe4 $11) 24... Bxb5 (24... Rae8 $142 25. Rd1 (25. Nxc7 e3 $18) (25. Bxc7 Bg5 $17) (25. Nxa7 Rf7 $11) 25... Re7) 25. cxb5 b6 {[%emt 0:00:49] [#]} 26. Rc3 $1 Kg7 (26... Bxc3 $2 27. Qxc3 Rf7 28. Rxh4 $18) (26... Rae8 27. d6) 27. Rch3 Rh8 28. g3 ({Weaker is} 28. Bxc7 Rac8 $18) 28... hxg3 $2 (28... Qf7 29. Bc4 Rh7 30. gxh4 Kh8) 29. Kg2 Rxh3 30. Rxh3 {[%emt 0:00:04] Weighted Error Value: White=0.08 (flawless) /Black=0.28 (precise)} 1-0

[Event "Teplice Open 2022"]
[Site "Teplice"]
[Date "2022.06.21"]
[Round "4.15"]
[White "Mis, Mieszko"]
[Black "Ali Marandi, Cemil Can"]
[Result "0-1"]
[ECO "B21"]
[WhiteElo "2388"]
[BlackElo "2532"]
[Annotator "TA"]
[PlyCount "20"]
[EventDate "2022.06.18"]
[EventType "swiss"]
[EventCountry "CZE"]
[SourceTitle "playchess.com"]
[Source "ChessBase"]
[SourceQuality "1"]
[TimeControl "40/5400+30:1800+30"]

1. e4 c5 2. f4 Nc6 3. Nf3 d6 4. Bb5 Nf6 5. Bxc6+ bxc6 6. Qe2 {[%emt 0:01:29] B21: Sicilian: 2 f4 and Morra Gambit.} g6 7. O-O Bg7 8. d3 O-O {[%emt 0:00:54] [#]} 9. h3 $146 ({Predecessor:} 9. c4 e5 10. fxe5 dxe5 11. Be3 Qd6 12. Nc3 Rd8 13. Na4 Qxd3 14. Qxd3 Rxd3 15. Bxc5 Nxe4 16. Rad1 Rxd1 17. Rxd1 Bg4 18. b3 Nxc5 19. Nxc5 Bf5 {1-0 (19) Chipanga,C (2078)-Burger,H (2134) Port Elizabeth 2013}) 9... Rb8 10. c4 ({White should play} 10. Nc3 $11) 10... Nh5 {[%emt 0:05:26] White got outplayed after the opening.  Weighted Error Value: White=0.20 (precise) /Black=0.07 (flawless)} 0-1

[Event "Teplice Open 2022"]
[Site "Teplice"]
[Date "2022.06.21"]
[Round "4.16"]
[White "Wagh Suyog"]
[Black "Kozak, Adam"]
[Result "1-0"]
[ECO "A64"]
[WhiteElo "2352"]
[BlackElo "2532"]
[Annotator "TA"]
[PlyCount "82"]
[EventDate "2022.06.18"]
[EventType "swiss"]
[EventCountry "CZE"]
[SourceTitle "playchess.com"]
[Source "ChessBase"]
[SourceQuality "1"]
[TimeControl "40/5400+30:1800+30"]

1. d4 Nf6 2. c4 e6 3. g3 c5 4. d5 exd5 5. cxd5 d6 6. Nc3 g6 7. Bg2 Bg7 8. Nf3 O-O 9. O-O Re8 10. Nd2 a6 11. a4 Nbd7 12. h3 Nh5 13. Nce4 Ndf6 14. Nc3 Nd7 $1 15. Nce4 {[%emt 0:01:53] A64: Modern Benoni: Fianchetto Variation: 9...Nbd7 10 Nd2 a6 11 a4 Re8.} Ndf6 16. Nxf6+ Nxf6 17. Nc4 $1 {[%emt 0:06:09] [#] White is slightly better.} Qc7 $146 (17... Bf5 $5 ) ({Predecessor:} 17... Rb8 18. a5 Bf8 19. Bf4 Nh5 20. Bd2 Bd7 21. g4 Nf6 22. Re1 Bb5 23. b3 Nd7 24. Bc3 Bxc4 25. bxc4 Bg7 26. Bxg7 Kxg7 {½-½ (83) Lazavik,D (2424)-Shimanov,A (2593) Chess.com INT 2020}) 18. Bf4 Bf8 19. a5 Bd7 20. b4 $36 {[%emt 0:08:02][%mdl 2048] Strongly threatening bxc5. White is pushing.} Nh5 (20... Bb5 $14 21. Rc1 (21. Nb6 Rab8 $11) 21... Nd7) 21. Bd2 $16 Bb5 22. Rc1 cxb4 23. Nb6 Qe7 24. Re1 (24. Nxa8 Bxe2 25. Re1 Bxd1 $14) 24... Rad8 25. e4 ({Don't do} 25. Bxb4 f5 $16) 25... Bg7 26. Bxb4 Qf6 27. Rc7 Qb2 (27... Qd4 $16 28. Bc3 Qxd1 29. Rxd1 Bxc3 30. Rxc3 Nf6) 28. Qd2 $18 Qxd2 29. Bxd2 Bd4 30. Be3 ({Stronger than} 30. Rxb7 Nxg3 31. Bf3 f5 $15) 30... Bxe3 31. Rxe3 f5 32. Rxb7 fxe4 33. Bxe4 ({Much less strong is} 33. Rxe4 Rxe4 34. Bxe4 Nf6 $16) ({Better is} 33. Ra7) 33... Nf6 $16 34. Bf3 {[%emt 0:01:24] White is more active.} h5 (34... Rxe3 $16 35. fxe3 Rf8) 35. Re6 $18 Rxe6 (35... Rf8 36. Be2 Bxe2) 36. dxe6 {[%emt 0:00:01] Threatens to win with Nd5.} Re8 (36... d5 {was called for.} 37. e7 Rd6 38. Nxd5 Nxd5) 37. Nd5 {[%emt 0:00:26] White is clearly winning.} Rxe6 {[%emt 0:00:12] [#]} 38. Nxf6+ $1 Rxf6 39. Bd5+ Kh8 {[%emt 0:00:01] [#]} 40. Rxb5 $1 axb5 (40... Rf5 41. Rb8+) 41. a6 Rf8 {[%emt 0:30:28] Weighted Error Value: White=0.05 (flawless) /Black=0.31} 1-0

[Event "Teplice Open 2022"]
[Site "Teplice"]
[Date "2022.06.21"]
[Round "4.18"]
[White "Santiago, Yago De Moura"]
[Black "Gov, Guy"]
[Result "1-0"]
[ECO "A46"]
[WhiteElo "2498"]
[BlackElo "2149"]
[Annotator "TA"]
[PlyCount "75"]
[EventDate "2022.06.18"]
[EventType "swiss"]
[EventCountry "CZE"]
[SourceTitle "playchess.com"]
[Source "ChessBase"]
[SourceQuality "1"]
[TimeControl "40/5400+30:1800+30"]

1. d4 Nf6 2. Nf3 e6 3. Bg5 Be7 4. Nbd2 b6 5. e4 Bb7 6. Bd3 d6 7. Qe2 {[%emt 0:01:25] A46: 1 d4 Nf6 2 Nf3 e6: Torre, London and Colle Systems.} Nbd7 8. c3 h6 9. Bh4 {[%emt 0:00:36] White is slightly better.} Nh5 10. Bxe7 Qxe7 11. g3 {[%emt 0:00:12] [#] Prevents Nf4.} O-O-O $146 (11... e5 $14) ({Predecessor:} 11... Nhf6 12. Ba6 Bxa6 13. Qxa6 O-O 14. O-O e5 15. Rfe1 Rfe8 16. b4 Qe6 17. d5 Qh3 {1-0 (50) Gorovets,A (2481)-Morozov,E (2121) Kostroma 2013}) 12. Ba6 Nhf6 13. a4 Nb8 14. Bxb7+ Kxb7 15. a5 Nc6 16. b4 ({Don't do} 16. axb6 $6 cxb6 17. O-O (17. e5 Ne8 $16) 17... Kb8 $16) ({Much less strong is} 16. e5 $6 dxe5 17. Nxe5 (17. dxe5 Nd5 $16) (17. axb6 cxb6 18. Nxe5 Nxe5 $16) 17... Nxe5 $16) 16... Ra8 17. a6+ Kc8 18. O-O Qd7 19. Rfc1 Kd8 20. b5 Na5 (20... Ne7 $142 21. e5 Nh7) 21. e5 $18 Nh7 22. c4 Ke7 23. exd6+ cxd6 24. c5 Rhc8 25. c6 Qe8 (25... Qc7 $142 26. d5 e5) 26. d5 Kf8 27. Re1 e5 28. Qd3 Nf6 29. Ra4 Qd8 (29... Kg8 $142 30. Nh4 Qf8) 30. Nh4 Qc7 31. f4 exf4 32. Rxf4 Re8 33. Ref1 {[%emt 0:01:59] [#] aiming for Rxf6.} Re5 34. Ne4 Rxe4 35. Rxf6 Rae8 {[%emt 0:00:01] [#]} 36. Qf3 $1 gxf6 (36... R8e7 37. Ng6+) 37. Qxf6 Rg4 38. Qh8+ {[%emt 0:00:27] White took control after the opening.  Weighted Error Value: White=0.13 (very precise) /Black=0.86} 1-0

[Event "Teplice Open 2022"]
[Site "Teplice"]
[Date "2022.06.21"]
[Round "4.19"]
[White "Mikes, Jan"]
[Black "Yankelevich, Lev"]
[Result "0-1"]
[ECO "C58"]
[WhiteElo "2349"]
[BlackElo "2473"]
[Annotator "TA"]
[PlyCount "168"]
[EventDate "2022.06.18"]
[EventType "swiss"]
[EventCountry "CZE"]
[SourceTitle "playchess.com"]
[Source "ChessBase"]
[SourceQuality "1"]
[TimeControl "40/5400+30:1800+30"]

1. e4 e5 2. Nf3 Nc6 3. Bc4 Nf6 4. Ng5 d5 5. exd5 Na5 6. Bb5+ c6 7. dxc6 bxc6 8. Bd3 {[%emt 0:00:14] is now more promising than 8.Be2.} Nd5 {[%emt 0:01:30] C58: Two Knights: 4 Ng5 d5 5 exd5 Na5 sidelines.} 9. Nf3 ({Worse is} 9. Qh5 g6 10. Nxf7 gxh5 $17) 9... Bd6 10. O-O Nf4 {[%emt 0:05:54] The position is equal.} 11. Nc3 Nxd3 12. cxd3 O-O 13. Ne4 c5 {[%emt 0:08:27] [#]} 14. Qc2 $146 (14. b3 $11) ({Predecessor:} 14. b3 Ba6 15. Qc2 f6 16. Ba3 Rc8 17. Qc3 Be7 18. Nxc5 Nb7 19. b4 Nxc5 20. bxc5 Bxd3 {1-0 (30) Pichot,A (2630)-Nasuta,G (2512) Chess.com INT 2021}) 14... Nc6 $15 15. Qa4 (15. b3 $15) 15... Bb7 $1 $17 16. Re1 (16. d4 $17 Nxd4 17. Nxd4 cxd4 18. d3) 16... Nb4 $19 17. a3 Nxd3 18. Re3 Nf4 19. b4 Bxe4 (19... c4 $142 {Hoping for ...Bc7.} 20. Bb2 f6) 20. Rxe4 $17 cxb4 $1 21. axb4 f5 22. Rxf4 exf4 23. d4 (23. Qb3+ $142 Kh8 24. Bb2) 23... Qe7 24. Bd2 h6 25. Re1 Qf7 26. Ne5 Bxe5 27. dxe5 f3 28. Qc6 Rad8 29. Be3 Rfe8 30. Qxf3 Rxe5 31. Ra1 Qd5 32. h3 Qxf3 33. gxf3 $19 {[%emt 0:00:03][%mdl 4096] Endgame KRR-KRB} Rb5 34. Rxa7 Rxb4 {[%emt 0:00:06] Strongly threatening ...f4.} 35. f4 Rb1+ 36. Kg2 Rd6 37. Ra5 Rg6+ 38. Kh2 Rbg1 39. h4 R6g2+ 40. Kh3 Rg4 41. Rxf5 g6 42. Rc5 h5 $1 43. Kh2 {[%emt 0:00:00] Inhibits Rh1+.} R4g2+ (43... Rd1 $142 44. Rg5 Rxg5 45. fxg5 Kf7) 44. Kh3 $17 Rg4 (44... Kg7 $142 45. f5 Rg4) 45. Kh2 $1 Ra1 46. f5 gxf5 {[%emt 0:00:00] Black is more active.} 47. Rxf5 Rxh4+ 48. Kg3 Rah1 49. Kg2 Rb1 50. Bf4 Rg4+ ({Black should try} 50... Kg7 $17 51. Kf3 Rb4) 51. Bg3 $11 h4 52. Rf4 Rxf4 53. Bxf4 {[%emt 0:00:03] KR-KB} Rb4 54. Bd6 Rd4 55. Be5 Re4 56. f4 Re3 57. Bf6 h3+ 58. Kh2 Kf7 59. Bh4 Kg6 60. Bg3 Kh5 61. Kxh3 Rf3 62. f5 Rxf5 63. Kg2 Kg4 64. Be1 Rf3 65. Bf2 Ra3 66. Bc5 Ra2+ 67. Kg1 Kf3 68. Bd6 Ra6 69. Bc7 Rc6 70. Bb8 Rg6+ 71. Kh2 Rg2+ 72. Kh1 $1 Rg8 73. Bc7 Kf2 74. Bb6+ Kg3 75. Kg1 Rc8 76. Bf2+ Kh3 {[%emt 0:00:11] ( -> ...Rc1+)} 77. Bb6 Rc2 78. Bd4 Rg2+ 79. Kf1 Kg3 80. Be5+ $2 {[%emt 0:02:10][%mdl 8192] This costs White the game.} (80. Ke1 $11) 80... Kf3 {[%emt 0:00:04] Black mates.} 81. Bf6 {[%emt 0:00:29] [#]} Rg6 $1 82. Be5 Rg5 83. Bf6 {[%emt 0:00:38] [#]} Rf5 $1 84. Ba1 Rb5 {[%emt 0:00:15] Weighted Error Value: White=0.11 (very precise) /Black=0.11 (very precise)} 0-1

[Event "Teplice Open 2022"]
[Site "Teplice"]
[Date "2022.06.21"]
[Round "4.20"]
[White "Margarido, Jose Miguel Teixeira"]
[Black "Raja Harshit"]
[Result "0-1"]
[ECO "A06"]
[WhiteElo "2127"]
[BlackElo "2479"]
[Annotator "TA"]
[PlyCount "32"]
[EventDate "2022.06.18"]
[EventType "swiss"]
[EventCountry "CZE"]
[SourceTitle "playchess.com"]
[Source "ChessBase"]
[SourceQuality "1"]
[TimeControl "40/5400+30:1800+30"]

1. Nf3 d5 2. e3 c5 3. b3 Nf6 4. Bb2 e6 5. Bb5+ Nbd7 6. c4 {[%emt 0:06:27] A06: Réti Opening: 1 Nf3 d5.} a6 7. Bxd7+ {[%emt 0:00:06] [#]} Qxd7 $146 ({Predecessor:} 7... Bxd7 8. Ne5 Be7 9. O-O O-O 10. d3 b5 11. Nd2 a5 12. Nxd7 Qxd7 13. Nf3 a4 {½-½ (36) Matnadze,A (2418)-Milliet,S (2418) Terme Catez 2021}) 8. cxd5 {[%emt 0:01:51] The position is equal.} Nxd5 9. O-O b5 10. d4 Bb7 11. dxc5 Bxc5 12. Bxg7 Rg8 13. Bd4 {[%emt 0:01:52][%mdl 8192] [#] Loses the game.} (13. Be5 $1 $11) 13... Nf4 $1 $19 14. Bxc5 (14. g3 $19 Bxd4 15. exd4) 14... Nh3+ {[%emt 0:00:38] Black mates.} 15. Kh1 Qxd1 16. Rxd1 Bxf3 {[%emt 0:00:00] Weighted Error Value: White=1.47/Black=0.03 (flawless)} 0-1